2285 views
Uploaded 2024-03-16 02:29:12
Game version 1.36 (6115)
41:51 long 3on3 ladder game on (6)GnollWood
Saved by GIGA
2285 views
Uploaded 2024-03-16 02:29:12
Game version 1.36 (6115)
41:51 long 3on3 ladder game on (6)GnollWood


161 units @ 23.8k
/ 4.9k
119 buildings @ 13.4k
/ 6k


| Scroll of Speed | 3 | 150 |
| Lesser Clarity Potion | 1 | 70 |
| Healing Salve | 1 | 100 |
| Scroll of Town Portal | 2 | 700 |
| Dust of Appearance | 1 | 75 |
| total: | 8 | 1095g |
| Peon | 10 | 750 | / | 0 |
| Troll Headhunter | 12 | 1680 | / | 240 |
| Demolisher | 3 | 660 | / | 150 |
| Shaman | 3 | 390 | / | 60 |
| total: | 28 | 3480g | / | 450w |
| Watch Tower | 17 | 1870 | / | 1360 |
| Altar of Storms | 1 | 180 | / | 50 |
| Orc Burrow | 9 | 1440 | / | 360 |
| War Mill | 3 | 615 | / | 0 |
| Voodoo Lounge | 1 | 130 | / | 30 |
| Barracks | 2 | 360 | / | 100 |
| Great Hall | 2 | 770 | / | 370 |
| Spirit Lodge | 1 | 150 | / | 150 |
| Beastiary | 1 | 145 | / | 140 |
| Stronghold | 2 | 630 | / | 380 |
| Fortress | 1 | 325 | / | 190 |
| total: | 37 | 5660g | / | 2560w |
| 0:02 | Peon |
| 0:03 | Peon |
| 0:06 | Altar of Storms |
| 0:09 | Orc Burrow |
| 0:15 | Peon |
| 0:41 | Peon |
| 0:53 | War Mill |
| 1:09 | Voodoo Lounge |
| 1:15 | Peon |
| 1:30 | Peon |
| 1:44 | Barracks |
| 1:52 | Peon |
| 2:05 | Orc Burrow |
| 2:16 | Scroll of Speed |
| 2:16 | Lesser Clarity Potion |
| 2:16 | Healing Salve |
| 2:30 | Watch Tower |
| 2:42 | Watch Tower |
| 2:51 | Hex |
| 3:09 | Troll Headhunter |
| 3:13 | Orc Burrow |
| 4:06 | Stronghold |
| 4:08 | Troll Headhunter |
| 4:35 | Troll Headhunter |
| 4:44 | Orc Burrow |
| 4:45 | Steel Armor |
| 5:12 | Troll Headhunter |
| 5:21 | Troll Headhunter |
| 5:38 | Orc Burrow |
| 5:40 | Steel Ranged Weapons |
| 5:44 | Troll Headhunter |
| 6:10 | Healing Wave |
| 6:17 | Troll Headhunter |
| 6:33 | Spirit Lodge |
| 6:38 | Scroll of Town Portal |
| 6:39 | Scroll of Speed |
| 7:32 | Troll Headhunter |
| 7:33 | Fortress |
| 8:25 | Shaman Adept Training |
| 8:28 | Troll Headhunter |
| 8:29 | Troll Regeneration |
| 9:09 | Troll Headhunter |
| 9:11 | Demolisher |
| 9:25 | Hex |
| 9:50 | Troll Headhunter |
| 10:18 | Berserker Upgrade |
| 10:19 | Shaman Master Training |
| 10:20 | Shaman |
| 10:34 | Troll Headhunter |
| 11:19 | Burning Oil |
| 11:19 | Demolisher |
| 11:34 | Far Sight |
| 12:16 | Demolisher |
| 12:18 | Shaman |
| 12:18 | Shaman |
| 13:00 | Feral Spirit |
| 13:58 | Watch Tower |
| 14:18 | Great Hall |
| 15:12 | Watch Tower |
| 16:31 | Watch Tower |
| 16:32 | Watch Tower |
| 16:32 | Watch Tower |
| 16:34 | Watch Tower |
| 16:43 | Peon |
| 16:43 | Peon |
| 16:43 | Peon |
| 17:25 | Scroll of Town Portal |
| 17:25 | Scroll of Speed |
| 17:37 | Watch Tower |
| 17:37 | Watch Tower |
| 17:38 | Watch Tower |
| 17:39 | Watch Tower |
| 19:50 | Beastiary |
| 21:38 | Feral Spirit |
| 23:02 | Barracks |
| 23:11 | Serpent Ward |
| 23:14 | Dust of Appearance |
| 23:52 | Great Hall |
| 24:40 | Stronghold |
| 25:14 | Orc Burrow |
| 25:16 | Orc Burrow |
| 25:19 | Orc Burrow |
| 25:21 | Orc Burrow |
| 25:39 | War Mill |
| 26:22 | War Mill |
| 28:05 | Watch Tower |
| 28:05 | Watch Tower |
| 28:06 | Watch Tower |
| 28:06 | Watch Tower |
| 28:07 | Watch Tower |
| Right click | 530 |
| Select | 527 |
| Misc. action | 114 |
| Build/train/purchase | 85 |
| Use ability | 38 |
| Minimap ping | 5 |
| Resource trade | 5 |
| Item give/drop | 4 |



| Lesser Clarity Potion | 1 | 70 |
| Scroll of Healing | 2 | 500 |
| Scroll of Town Portal | 1 | 350 |
| Scroll of Protection | 1 | 150 |
| Potion of Lesser Invulnerability | 2 | 300 |
| Healing Salve | 1 | 100 |
| Scroll of Speed | 1 | 50 |
| total: | 9 | 1520g |
| Peasant | 11 | 825 | / | 0 |
| Rifleman | 11 | 2255 | / | 330 |
| Flying Machine | 14 | 1400 | / | 420 |
| Mortar Team | 10 | 1800 | / | 700 |
| Sorceress | 2 | 310 | / | 40 |
| Gryphon Rider | 5 | 1400 | / | 350 |
| Priest | 3 | 405 | / | 30 |
| Knight | 2 | 490 | / | 120 |
| Siege Engine | 11 | 2145 | / | 660 |
| total: | 69 | 11030g | / | 2650w |
| Scout Tower | 5 | 150 | / | 100 |
| Arcane Tower | 2 | 140 | / | 100 |
| Guard Tower | 3 | 210 | / | 150 |
| Altar of Kings | 1 | 180 | / | 50 |
| Barracks | 3 | 480 | / | 180 |
| Farm | 16 | 1280 | / | 320 |
| Lumber Mill | 1 | 120 | / | 0 |
| Blacksmith | 1 | 140 | / | 60 |
| Workshop | 1 | 140 | / | 140 |
| Arcane Sanctum | 1 | 150 | / | 140 |
| Gryphon Aviary | 3 | 420 | / | 450 |
| Keep | 1 | 320 | / | 210 |
| Castle | 1 | 360 | / | 210 |
| Watch Tower | 2 | 220 | / | 160 |
| War Mill | 2 | 410 | / | 0 |
| Great Hall | 1 | 385 | / | 185 |
| Orc Burrow | 1 | 160 | / | 40 |
| Altar of Storms | 1 | 180 | / | 50 |
| Barracks | 1 | 180 | / | 50 |
| Beastiary | 1 | 145 | / | 140 |
| Stronghold | 2 | 630 | / | 380 |
| Fortress | 1 | 325 | / | 190 |
| total: | 41 | 4740g | / | 2065w |
| 0:04 | Peasant |
| 0:04 | Peasant |
| 0:09 | Altar of Kings |
| 0:14 | Barracks |
| 0:16 | Farm |
| 0:18 | Barracks |
| 0:42 | Peasant |
| 0:56 | Farm |
| 0:58 | Peasant |
| 1:11 | Scout Tower |
| 1:20 | Peasant |
| 1:33 | Lumber Mill |
| 1:35 | Scout Tower |
| 1:37 | Peasant |
| 1:43 | Peasant |
| 1:54 | Peasant |
| 2:10 | Arcane Tower |
| 2:14 | Peasant |
| 2:16 | Peasant |
| 2:29 | Scout Tower |
| 2:32 | Blacksmith |
| 2:37 | Guard Tower |
| 2:39 | Scout Tower |
| 2:42 | Summon Water Elemental |
| 2:59 | Guard Tower |
| 3:07 | Barracks |
| 3:17 | Guard Tower |
| 3:36 | Improved Lumber Harvesting |
| 4:01 | Keep |
| 4:20 | Rifleman |
| 4:38 | Farm |
| 4:48 | Healing Salve |
| 4:48 | Lesser Clarity Potion |
| 4:48 | Scroll of Speed |
| 4:58 | Farm |
| 5:00 | Black Gunpowder |
| 5:02 | Farm |
| 5:36 | Farm |
| 5:36 | Rifleman |
| 5:50 | Rifleman |
| 6:10 | Brilliance Aura |
| 6:12 | Rifleman |
| 6:24 | Rifleman |
| 6:53 | Rifleman |
| 6:56 | Long Rifles |
| 8:29 | Rifleman |
| 8:29 | Rifleman |
| 8:31 | Refined Gunpowder |
| 9:04 | Castle |
| 9:06 | Workshop |
| 9:12 | Blizzard |
| 9:21 | Scroll of Healing |
| 9:22 | Scroll of Protection |
| 9:22 | Potion of Lesser Invulnerability |
| 9:34 | Arcane Sanctum |
| 10:16 | Flying Machine |
| 10:16 | Flying Machine |
| 10:47 | Rifleman |
| 11:02 | Farm |
| 11:21 | Studded Leather Armor |
| 11:27 | Farm |
| 11:37 | Mortar Team |
| 11:39 | Magic Sentry |
| 12:07 | Farm |
| 12:47 | Farm |
| 12:49 | Mortar Team |
| 13:05 | Gryphon Aviary |
| 13:22 | Rifleman |
| 13:22 | Rifleman |
| 13:33 | Summon Water Elemental |
| 13:42 | Mortar Team |
| 13:43 | Sorceress |
| 13:47 | Farm |
| 14:16 | Flying Machine |
| 14:28 | Gryphon Rider |
| 14:32 | Farm |
| 15:32 | Blizzard |
| 16:07 | Farm |
| 16:08 | Mortar Team |
| 16:08 | Mortar Team |
| 16:09 | Fragmentation Shards |
| 16:38 | Flame Strike |
| 19:31 | Priest |
| 19:32 | Priest Adept Training |
| 19:34 | Gryphon Rider |
| 19:34 | Gryphon Rider |
| 19:34 | Gryphon Rider |
| 19:39 | Siphon Mana |
| 19:44 | Flying Machine |
| 19:44 | Flying Machine |
| 19:44 | Flying Machine |
| 19:44 | Flying Machine |
| 20:32 | Gryphon Rider |
| 20:33 | Flying Machine |
| 20:34 | Flying Machine |
| 21:31 | Priest |
| 21:33 | Farm |
| 21:55 | Farm |
| 24:08 | Mortar Team |
| 24:08 | Mortar Team |
| 24:33 | Mortar Team |
| 25:47 | Priest Master Training |
| 25:47 | Priest |
| 25:47 | Sorceress |
| 26:02 | Peasant |
| 26:16 | Scroll of Healing |
| 26:16 | Potion of Lesser Invulnerability |
| 26:48 | Scout Tower |
| 27:18 | Flying Machine |
| 27:18 | Flying Machine |
| 29:04 | Scroll of Town Portal |
| 31:11 | War Mill |
| 31:22 | Mass Teleport |
| 31:37 | Siege Engine |
| 31:37 | Siege Engine |
| 31:38 | Siege Engine |
| 31:38 | Siege Engine |
| 32:43 | Great Hall |
| 33:48 | War Mill |
| 33:55 | Knight |
| 33:55 | Knight |
| 33:58 | Siege Engine |
| 33:59 | Siege Engine |
| 34:51 | Siege Engine |
| 34:52 | Siege Engine |
| 34:52 | Siege Engine |
| 35:55 | Mortar Team |
| 35:56 | Mortar Team |
| 36:23 | Watch Tower |
| 36:26 | Watch Tower |
| 36:30 | Orc Burrow |
| 37:05 | Siege Engine |
| 37:06 | Siege Engine |
| 37:29 | Stronghold |
| 38:41 | Thunder Clap |
| 38:42 | Thunder Clap |
| 38:44 | Thunder Clap |
| 39:53 | Altar of Storms |
| 39:59 | Gryphon Aviary |
| 40:01 | Gryphon Aviary |
| 40:38 | Flying Machine |
| 40:39 | Flying Machine |
| 41:11 | Fortress |
| 41:14 | Beastiary |
| 41:16 | Barracks |
| 41:29 | Flying Machine |
| 41:32 | Farm |
| Right click | 892 |
| Select | 745 |
| Misc. action | 284 |
| Build/train/purchase | 176 |
| Use ability | 50 |
| Minimap ping | 23 |
| Item give/drop | 4 |


| Lesser Clarity Potion | 2 | 140 |
| Scroll of Regeneration | 4 | 400 |
| Orb of Fire | 1 | 325 |
| Dust of Appearance | 1 | 75 |
| Scroll of Town Portal | 1 | 350 |
| Circlet of Nobility | 1 | 175 |
| Staff of Teleportation | 1 | 150 |
| Potion of Lesser Invulnerability | 1 | 150 |
| total: | 12 | 1765g |
| Peasant | 19 | 1425 | / | 0 |
| Footman | 15 | 2025 | / | 0 |
| Siege Engine | 29 | 5655 | / | 1740 |
| Mortar Team | 1 | 180 | / | 70 |
| total: | 64 | 9285g | / | 1810w |
| Scout Tower | 20 | 600 | / | 400 |
| Arcane Tower | 1 | 70 | / | 50 |
| Guard Tower | 20 | 1400 | / | 1000 |
| Altar of Kings | 1 | 180 | / | 50 |
| Farm | 13 | 1040 | / | 260 |
| Barracks | 1 | 160 | / | 60 |
| Arcane Vault | 1 | 130 | / | 30 |
| Lumber Mill | 1 | 120 | / | 0 |
| Blacksmith | 1 | 140 | / | 60 |
| Town Hall | 1 | 385 | / | 205 |
| Workshop | 2 | 280 | / | 280 |
| Keep | 2 | 640 | / | 420 |
| Castle | 2 | 720 | / | 420 |
| total: | 41 | 3035g | / | 1345w |
| 0:10 | Altar of Kings |
| 0:12 | Peasant |
| 0:25 | Farm |
| 0:28 | Peasant |
| 0:36 | Barracks |
| 0:39 | Peasant |
| 0:53 | Peasant |
| 0:58 | Scout Tower |
| 1:14 | Peasant |
| 1:28 | Peasant |
| 1:40 | Footman |
| 1:42 | Arcane Vault |
| 1:52 | Farm |
| 2:08 | Arcane Tower |
| 2:18 | Storm Bolt |
| 2:27 | Farm |
| 2:58 | Circlet of Nobility |
| 3:04 | Footman |
| 3:11 | Footman |
| 3:14 | Farm |
| 3:56 | Footman |
| 3:58 | Footman |
| 4:00 | Farm |
| 4:30 | Footman |
| 4:40 | Scout Tower |
| 4:45 | Lumber Mill |
| 4:58 | Footman |
| 5:02 | Keep |
| 5:11 | Farm |
| 5:20 | Footman |
| 5:39 | Footman |
| 5:51 | Guard Tower |
| 5:52 | Guard Tower |
| 5:56 | Blacksmith |
| 6:15 | Footman |
| 6:27 | Lesser Clarity Potion |
| 6:30 | Scroll of Regeneration |
| 6:38 | Footman |
| 6:51 | Footman |
| 7:06 | Dust of Appearance |
| 7:13 | Farm |
| 7:16 | Footman |
| 7:31 | Bash |
| 8:02 | Footman |
| 8:25 | Defend |
| 8:28 | Farm |
| 8:29 | Castle |
| 9:02 | Town Hall |
| 9:12 | Scroll of Regeneration |
| 9:25 | Scout Tower |
| 9:38 | Footman |
| 9:46 | Workshop |
| 10:20 | Scout Tower |
| 10:21 | Guard Tower |
| 10:55 | Siege Engine |
| 11:00 | Workshop |
| 11:17 | Peasant |
| 11:17 | Peasant |
| 11:26 | Guard Tower |
| 11:30 | Scout Tower |
| 11:43 | Barrage |
| 11:52 | Holy Light |
| 11:59 | Guard Tower |
| 12:11 | Scout Tower |
| 12:16 | Peasant |
| 12:16 | Peasant |
| 12:16 | Peasant |
| 12:17 | Peasant |
| 12:20 | Siege Engine |
| 12:38 | Siege Engine |
| 12:54 | Siege Engine |
| 13:07 | Scout Tower |
| 13:12 | Peasant |
| 13:12 | Peasant |
| 13:24 | Siege Engine |
| 13:25 | Siege Engine |
| 13:58 | Scout Tower |
| 13:59 | Guard Tower |
| 14:03 | Peasant |
| 14:24 | Scout Tower |
| 14:27 | Mortar Team |
| 14:29 | Siege Engine |
| 14:32 | Scroll of Regeneration |
| 15:09 | Guard Tower |
| 15:16 | Peasant |
| 15:16 | Peasant |
| 15:23 | Siege Engine |
| 16:00 | Guard Tower |
| 16:02 | Scout Tower |
| 16:10 | Scout Tower |
| 16:12 | Siege Engine |
| 16:53 | Guard Tower |
| 16:57 | Scout Tower |
| 17:09 | Lesser Clarity Potion |
| 17:10 | Scroll of Regeneration |
| 17:34 | Scout Tower |
| 17:36 | Guard Tower |
| 18:00 | Guard Tower |
| 18:07 | Siege Engine |
| 18:12 | Guard Tower |
| 18:34 | Siege Engine |
| 18:35 | Siege Engine |
| 18:37 | Siege Engine |
| 18:57 | Siege Engine |
| 18:58 | Siege Engine |
| 19:03 | Scout Tower |
| 19:19 | Scout Tower |
| 19:55 | Siege Engine |
| 19:57 | Siege Engine |
| 19:59 | Guard Tower |
| 20:02 | Scout Tower |
| 20:17 | Farm |
| 20:20 | Guard Tower |
| 20:27 | Orb of Fire |
| 20:30 | Scroll of Town Portal |
| 20:35 | Scout Tower |
| 20:36 | Guard Tower |
| 20:40 | Peasant |
| 20:40 | Peasant |
| 20:59 | Farm |
| 21:03 | Farm |
| 21:04 | Farm |
| 21:05 | Farm |
| 21:09 | Scout Tower |
| 21:10 | Guard Tower |
| 21:16 | Staff of Teleportation |
| 21:20 | Potion of Lesser Invulnerability |
| 21:24 | Storm Bolt |
| 21:41 | Guard Tower |
| 21:44 | Scout Tower |
| 22:13 | Divine Shield |
| 22:17 | Guard Tower |
| 22:30 | Scout Tower |
| 22:59 | Siege Engine |
| 23:00 | Siege Engine |
| 23:05 | Guard Tower |
| 25:25 | Siege Engine |
| 25:26 | Siege Engine |
| 26:13 | Black Gunpowder |
| 26:27 | Siege Engine |
| 26:29 | Siege Engine |
| 27:21 | Refined Gunpowder |
| 28:28 | Siege Engine |
| 28:29 | Siege Engine |
| 29:33 | Siege Engine |
| 29:33 | Siege Engine |
| 30:35 | Siege Engine |
| 30:36 | Siege Engine |
| Right click | 1057 |
| Select | 400 |
| Select group | 357 |
| Build/train/purchase | 125 |
| Misc. action | 85 |
| Assign group | 28 |
| Use ability | 25 |
| Minimap ping | 15 |
| Item give/drop | 2 |
| Esc | 1 |
97 units @ 8.8k
/ 1.1k
125 buildings @ 11.9k
/ 5.2k


| Peasant | 20 | 1500 | / | 0 |
| Footman | 5 | 675 | / | 0 |
| Mortar Team | 4 | 720 | / | 280 |
| Flying Machine | 24 | 2400 | / | 720 |
| Dragonhawk Rider | 2 | 400 | / | 60 |
| total: | 55 | 5695g | / | 1060w |
| Scout Tower | 19 | 570 | / | 380 |
| Arcane Tower | 2 | 140 | / | 100 |
| Guard Tower | 4 | 280 | / | 200 |
| Altar of Kings | 2 | 360 | / | 100 |
| Barracks | 1 | 160 | / | 60 |
| Farm | 21 | 1680 | / | 420 |
| Town Hall | 3 | 1155 | / | 615 |
| Lumber Mill | 2 | 240 | / | 0 |
| Blacksmith | 1 | 140 | / | 60 |
| Arcane Vault | 2 | 260 | / | 60 |
| Workshop | 3 | 420 | / | 420 |
| Gryphon Aviary | 1 | 140 | / | 150 |
| Keep | 1 | 320 | / | 210 |
| Castle | 1 | 360 | / | 210 |
| total: | 55 | 5125g | / | 2265w |
| 0:02 | Peasant |
| 0:10 | Altar of Kings |
| 0:15 | Peasant |
| 0:19 | Barracks |
| 0:21 | Peasant |
| 0:33 | Farm |
| 0:35 | Peasant |
| 0:41 | Peasant |
| 1:02 | Farm |
| 1:10 | Peasant |
| 1:21 | Footman |
| 1:39 | Footman |
| 1:50 | Footman |
| 1:55 | Peasant |
| 2:02 | Farm |
| 2:16 | Storm Bolt |
| 2:33 | Peasant |
| 2:35 | Scout Tower |
| 3:17 | Town Hall |
| 3:21 | Scout Tower |
| 3:23 | Scout Tower |
| 3:50 | Peasant |
| 3:50 | Peasant |
| 3:51 | Arcane Tower |
| 3:57 | Peasant |
| 4:37 | Arcane Tower |
| 4:45 | Peasant |
| 5:18 | Keep |
| 5:39 | Peasant |
| 5:44 | Footman |
| 5:51 | Scout Tower |
| 5:52 | Scout Tower |
| 5:52 | Scout Tower |
| 6:35 | Bash |
| 6:50 | Lumber Mill |
| 7:21 | Bash |
| 7:35 | Guard Tower |
| 7:45 | Blacksmith |
| 8:24 | Castle |
| 8:31 | Scout Tower |
| 8:32 | Scout Tower |
| 8:40 | Peasant |
| 8:40 | Peasant |
| 8:42 | Defend |
| 8:42 | Footman |
| 9:02 | Black Gunpowder |
| 9:15 | Workshop |
| 9:28 | Guard Tower |
| 9:29 | Scout Tower |
| 9:42 | Improved Lumber Harvesting |
| 9:49 | Holy Light |
| 10:57 | Workshop |
| 11:02 | Flak Cannons |
| 11:03 | Flare |
| 11:03 | Fragmentation Shards |
| 11:08 | Peasant |
| 11:09 | Peasant |
| 11:35 | Guard Tower |
| 11:40 | Scout Tower |
| 11:44 | Scout Tower |
| 11:48 | Workshop |
| 11:53 | Refined Gunpowder |
| 12:12 | Flying Machine Bombs |
| 13:01 | Mortar Team |
| 13:12 | Peasant |
| 13:16 | Farm |
| 13:19 | Farm |
| 13:30 | Farm |
| 13:34 | Improved Masonry |
| 13:44 | Peasant |
| 13:44 | Peasant |
| 13:58 | Farm |
| 14:03 | Flying Machine |
| 14:03 | Flying Machine |
| 14:03 | Flying Machine |
| 14:04 | Flying Machine |
| 14:04 | Flying Machine |
| 14:29 | Imbued Gunpowder |
| 14:31 | Flying Machine |
| 14:32 | Flying Machine |
| 14:32 | Flying Machine |
| 14:48 | Flying Machine |
| 14:48 | Flying Machine |
| 15:25 | Flying Machine |
| 15:25 | Flying Machine |
| 15:25 | Flying Machine |
| 16:05 | Flying Machine |
| 16:06 | Flying Machine |
| 16:15 | Flying Machine |
| 16:24 | Farm |
| 16:29 | Farm |
| 16:33 | Farm |
| 16:45 | Farm |
| 17:02 | Arcane Vault |
| 18:18 | Farm |
| 18:21 | Farm |
| 18:42 | Farm |
| 19:13 | Mortar Team |
| 19:34 | Farm |
| 19:46 | Flying Machine |
| 19:46 | Flying Machine |
| 19:46 | Flying Machine |
| 20:52 | Mortar Team |
| 22:07 | Arcane Vault |
| 22:26 | Flying Machine |
| 22:27 | Flying Machine |
| 22:27 | Flying Machine |
| 22:57 | Divine Shield |
| 23:12 | Storm Bolt |
| 23:47 | Flying Machine |
| 23:47 | Flying Machine |
| 24:12 | Altar of Kings |
| 24:16 | Farm |
| 24:20 | Farm |
| 24:37 | Lumber Mill |
| 24:45 | Storm Bolt |
| 24:47 | Divine Shield |
| 25:49 | Gryphon Aviary |
| 26:58 | Mortar Team |
| 27:02 | Farm |
| 27:04 | Cloud |
| 27:04 | Dragonhawk Rider |
| 27:04 | Dragonhawk Rider |
| 31:33 | Bash |
| 31:34 | Bash |
| 31:36 | Holy Light |
| 34:42 | Town Hall |
| 34:44 | Scout Tower |
| 34:45 | Scout Tower |
| 34:45 | Scout Tower |
| 34:46 | Scout Tower |
| 36:00 | Guard Tower |
| 36:40 | Scout Tower |
| 36:41 | Scout Tower |
| 36:43 | Scout Tower |
| 36:44 | Scout Tower |
| 37:53 | Town Hall |
| 38:56 | Storm Bolt |
| 38:59 | Divine Shield |
| 40:12 | Farm |
| 40:13 | Farm |
| 40:14 | Farm |
| 40:46 | Storm Bolt |
| Right click | 2217 |
| Select group | 893 |
| Select | 490 |
| Build/train/purchase | 103 |
| Misc. action | 97 |
| Use ability | 78 |
| Minimap ping | 19 |
| Assign group | 16 |
| Esc | 15 |
| Resource trade | 10 |
| Remove unit | 1 |


| Peasant | 18 | 1350 | / | 0 |
| total: | 18 | 1350g | / | 0w |
| Scout Tower | 36 | 1080 | / | 720 |
| Arcane Tower | 6 | 420 | / | 300 |
| Guard Tower | 15 | 1050 | / | 750 |
| Altar of Kings | 1 | 180 | / | 50 |
| Farm | 3 | 240 | / | 60 |
| Lumber Mill | 3 | 360 | / | 0 |
| Gryphon Aviary | 1 | 140 | / | 150 |
| Keep | 1 | 320 | / | 210 |
| Castle | 1 | 360 | / | 210 |
| total: | 44 | 2000g | / | 980w |
| 0:03 | Peasant |
| 0:03 | Peasant |
| 0:06 | Altar of Kings |
| 0:11 | Farm |
| 0:12 | Farm |
| 0:19 | Peasant |
| 0:35 | Lumber Mill |
| 0:48 | Peasant |
| 1:15 | Peasant |
| 1:15 | Peasant |
| 1:15 | Peasant |
| 1:29 | Peasant |
| 1:35 | Improved Lumber Harvesting |
| 1:38 | Scout Tower |
| 1:39 | Peasant |
| 1:45 | Peasant |
| 1:56 | Peasant |
| 2:05 | Arcane Tower |
| 2:30 | Storm Bolt |
| 3:15 | Scout Tower |
| 3:15 | Scout Tower |
| 3:16 | Scout Tower |
| 3:17 | Scout Tower |
| 3:19 | Peasant |
| 3:20 | Peasant |
| 3:20 | Peasant |
| 4:32 | Peasant |
| 4:32 | Peasant |
| 4:34 | Improved Masonry |
| 4:36 | Scout Tower |
| 4:37 | Scout Tower |
| 4:38 | Scout Tower |
| 4:41 | Guard Tower |
| 4:42 | Scout Tower |
| 4:43 | Scout Tower |
| 4:46 | Scout Tower |
| 4:47 | Scout Tower |
| 5:02 | Keep |
| 5:11 | Guard Tower |
| 5:23 | Guard Tower |
| 5:29 | Scout Tower |
| 5:38 | Scout Tower |
| 5:41 | Guard Tower |
| 5:59 | Guard Tower |
| 6:01 | Arcane Tower |
| 6:05 | Guard Tower |
| 6:10 | Scout Tower |
| 6:11 | Scout Tower |
| 6:17 | Scout Tower |
| 6:18 | Guard Tower |
| 6:41 | Scout Tower |
| 6:44 | Guard Tower |
| 6:46 | Scout Tower |
| 7:12 | Scout Tower |
| 7:14 | Guard Tower |
| 7:15 | Scout Tower |
| 7:23 | Guard Tower |
| 7:25 | Scout Tower |
| 7:27 | Scout Tower |
| 7:40 | Gryphon Aviary |
| 7:42 | Farm |
| 8:07 | Scout Tower |
| 8:11 | Guard Tower |
| 8:15 | Scout Tower |
| 8:16 | Scout Tower |
| 8:31 | Peasant |
| 8:31 | Peasant |
| 8:41 | Scout Tower |
| 8:43 | Arcane Tower |
| 8:49 | Scout Tower |
| 8:50 | Scout Tower |
| 9:05 | Arcane Tower |
| 9:20 | Castle |
| 9:33 | Scout Tower |
| 9:38 | Scout Tower |
| 9:48 | Arcane Tower |
| 9:51 | Scout Tower |
| 9:51 | Scout Tower |
| 9:52 | Scout Tower |
| 9:57 | Holy Light |
| 10:04 | Guard Tower |
| 10:06 | Arcane Tower |
| 10:18 | Lumber Mill |
| 10:24 | Lumber Mill |
| 11:25 | Guard Tower |
| 11:31 | Scout Tower |
| 11:33 | Scout Tower |
| 12:17 | Guard Tower |
| 15:04 | Guard Tower |
| 28:11 | Holy Light |
| 34:50 | Divine Shield |
| 40:56 | Holy Light |
| Right click | 2979 |
| Select group | 1963 |
| Select | 423 |
| Build/train/purchase | 64 |
| Resource trade | 40 |
| Misc. action | 34 |
| Use ability | 21 |
| Assign group | 19 |
| Minimap ping | 17 |
| Remove unit | 2 |
| Esc | 2 |
Cabeelibob
(194)
(41:46) : 
| Healing Salve | 2 | 200 |
| Lesser Clarity Potion | 2 | 140 |
| Potion of Healing | 2 | 300 |
| Orb of Lightning | 1 | 375 |
| Tiny Great Hall | 1 | 600 |
| Potion of Mana | 1 | 200 |
| Scroll of Town Portal | 2 | 700 |
| Boots of Speed | 1 | 250 |
| Orb of Fire | 1 | 325 |
| total: | 13 | 3090g |
| Peon | 24 | 1800 | / | 0 |
| total: | 24 | 1800g | / | 0w |
| Watch Tower | 8 | 880 | / | 640 |
| Altar of Storms | 2 | 360 | / | 100 |
| Orc Burrow | 5 | 800 | / | 200 |
| War Mill | 3 | 615 | / | 0 |
| Voodoo Lounge | 3 | 390 | / | 90 |
| Great Hall | 4 | 1540 | / | 740 |
| Spirit Lodge | 1 | 150 | / | 150 |
| Stronghold | 3 | 945 | / | 570 |
| Fortress | 3 | 975 | / | 570 |
| total: | 26 | 4735g | / | 1920w |
| 0:04 | Altar of Storms |
| 0:08 | Orc Burrow |
| 0:08 | Peon |
| 0:14 | Peon |
| 0:23 | Peon |
| 0:57 | Orc Burrow |
| 1:00 | War Mill |
| 1:05 | Orc Burrow |
| 1:07 | Peon |
| 1:17 | Peon |
| 1:27 | Peon |
| 1:59 | Voodoo Lounge |
| 2:05 | Peon |
| 2:10 | Wind Walk |
| 2:26 | Peon |
| 2:26 | Peon |
| 2:41 | Watch Tower |
| 3:02 | Peon |
| 3:07 | Orc Burrow |
| 3:16 | Watch Tower |
| 4:42 | Healing Salve |
| 4:42 | Lesser Clarity Potion |
| 5:08 | Watch Tower |
| 5:24 | Spiked Barricades |
| 5:39 | Stronghold |
| 5:51 | Watch Tower |
| 8:14 | Scroll of Town Portal |
| 8:15 | Healing Salve |
| 8:15 | Lesser Clarity Potion |
| 8:18 | Potion of Healing |
| 8:20 | Fortress |
| 8:33 | Watch Tower |
| 8:37 | Reinforced Defenses |
| 8:37 | Improved Spiked Barricades |
| 8:48 | Spirit Lodge |
| 9:55 | Critical Strike |
| 10:33 | Witch Doctor Adept Training |
| 10:37 | War Mill |
| 11:23 | Orb of Lightning |
| 11:30 | Tiny Great Hall |
| 12:29 | War Mill |
| 12:52 | Witch Doctor Master Training |
| 14:59 | Critical Strike |
| 15:40 | Orc Burrow |
| 15:58 | Voodoo Lounge |
| 16:39 | Boots of Speed |
| 18:58 | Great Hall |
| 19:36 | Peon |
| 19:37 | Peon |
| 19:37 | Peon |
| 19:37 | Peon |
| 21:47 | Peon |
| 21:47 | Peon |
| 23:15 | Altar of Storms |
| 25:14 | Voodoo Lounge |
| 26:07 | Potion of Mana |
| 26:07 | Potion of Healing |
| 26:10 | Orb of Fire |
| 26:11 | Scroll of Town Portal |
| 26:23 | Stronghold |
| 29:04 | Peon |
| 29:04 | Peon |
| 29:04 | Peon |
| 29:04 | Peon |
| 29:26 | Wind Walk |
| 30:12 | Watch Tower |
| 30:13 | Watch Tower |
| 30:14 | Watch Tower |
| 30:55 | Great Hall |
| 31:01 | Fortress |
| 32:33 | Great Hall |
| 33:40 | Wind Walk |
| 35:01 | Peon |
| 35:01 | Peon |
| 35:01 | Peon |
| 35:01 | Peon |
| 35:14 | Stronghold |
| 37:06 | Great Hall |
| 39:18 | Fortress |
| 41:08 | Bladestorm |
| Right click | 1557 |
| Select | 215 |
| Select group | 175 |
| Misc. action | 130 |
| Build/train/purchase | 115 |
| Chat | 94 |
| Resource trade | 56 |
| Use ability | 27 |
| Item give/drop | 5 |
| Remove unit | 5 |
| Esc | 4 |
| Minimap ping | 4 |
| Assign group | 3 |
⇛